Map: [ESL] NeoHumanity

Players

Wayne

  • Race: Zerg Zerg
  • Spawn Location: 11:00

Clem - Winner!

  • Race: Terran Terran
  • Spawn Location: 5:00

Event: ESL SC2 Masters 2023 Summer (Regionals)

VOD

Have the link to the VOD?

Description

Time

  • Played on: May 17, 2023, 12:39 p.m.
  • Length: 11:21

All games in this series

Show
View Real Time Build Order
Export as new Build Order

Wayne Zerg 

Build Orders: Hatch First 

Get SALT Encoding   

  12  0:00  Drone  
  13  0:12  Overlord  
  13  0:16  Drone  
  14  0:30  Drone x2  
  16  0:48  Hatchery  
  15  0:51  Drone  
  15  0:54  Drone  
  17  0:58  Drone  
  18  1:08  Extractor  
  17  1:13  Spawning Pool  
  17  1:16  Drone  
  17  1:19  Drone  
  18  1:28  Drone  
  19  1:38  Drone  
  20  1:48  Drone  
  21  2:00  Queen x2  
  21  2:01  Zergling x4  
  27  2:12  Overlord  
  27  2:13  Drone  
  28  2:22  Hatchery  
  27  2:25  Drone  
  28  2:31  Drone  
  28  2:33  Drone  
  29  2:37  Drone  
  29  2:41  Queen  
  32  2:48  Overlord  
  32  2:50  Drone  
  33  2:54  Drone x2  
  35  3:02  Roach Warren  
  35  3:04  Drone  
  35  3:09  Drone  
  35  3:11  Drone x2  
  35  3:12  Drone  
  39  3:19  Queen  
  41  3:25  Overlord  
  41  3:26  Overlord  
  41  3:42  Roach  
  41  3:43  Roach x3  
  41  3:44  Roach x2  
  53  3:50  Drone x4  
  53  3:55  Queen  
  59  3:59  Drone x2  
  61  4:03  Overlord  
  61  4:10  Overlord  
  61  4:11  Drone x3  
  64  4:19  Overlord  
  64  4:20  Drone x2  
  64  4:23  Drone x3  
  69  4:31  Drone x5  
  74  4:37  Lair  
  74  4:43  Drone, Spore Crawler  
  74  4:44  Spore Crawler  
  74  4:45  Drone, Evolution Chamber, Spore Crawler  
  72  4:50  Extractor  
  72  4:51  Drone x3  
  72  4:52  Extractor  
  71  4:56  Drone x4  
  73  5:06  Overlord  
  74  5:07  Drone x7  
  74  5:13  Zerg Ground Armor Level 1  
  80  5:19  Roach x3  
  85  5:32  Overlord  
  85  5:34  Overlord  
  85  5:37  Hatchery  
  85  5:38  Glial Reconstitution  
  85  5:40  Roach x5  
  94  5:46  Overlord  
  94  5:49  Drone  
  95  5:50  Drone x2  
  95  5:51  Overlord  
  95  5:52  Overseer  
  95  5:55  Roach x2  
  95  5:56  Unknown  
  98  6:06  Overlord  
  98  6:07  Evolution Chamber  
  92  6:11  Roach x5  
  92  6:18  Roach  
  101  6:21  Overlord  
  101  6:26  Roach  
  101  6:31  Roach x2  
  108  6:32  Drone  
  108  6:33  Drone x5  
  108  6:39  Spore Crawler  
  110  6:41  Roach  
  110  6:42  Spore Crawler  
  110  6:46  Roach  
  110  6:47  Roach x2  
  119  6:54  Roach x4  
  127  6:56  Spore Crawler  
  127  6:57  Overlord x2  
  126  7:01  Roach x2  
  126  7:07  Roach x3  
  136  7:12  Roach x3  
  136  7:19  Drone x4  
  132  7:23  Roach x7  
  138  7:32  Drone x3  
  139  7:38  Roach x3  
  139  7:43  Queen  
  139  7:44  Extractor, Evolution Chamber  
  146  7:45  Hatchery  
  146  7:51  Overlord  
  144  7:53  Roach x5  
  150  8:01  Overlord  
  150  8:03  Overlord  
  138  8:08  Roach x6  
  150  8:13  Overlord  
  146  8:21  Zerg Missile Weapons Level 1, Zerg Ground Armor Level 2  
  146  8:22  Drone x4  
  146  8:31  Roach x5  
  148  8:39  Roach, Overlord  
  148  8:40  Roach x4  
  148  8:45  Ravager x2  
  148  8:46  Ravager  
  148  8:50  Roach  
  148  8:51  Roach x4  
  158  8:58  Roach x5  
  158  9:01  Ravager  
  169  9:04  Roach  
  169  9:05  Roach x2  
  169  9:08  Extractor  
  169  9:09  Overlord  
  174  9:12  Roach x2, Ravager  
  179  9:21  Roach x6  
  192  9:30  Ravager  
  192  9:31  Roach, Ravager  
  194  9:34  Extractor  
  195  9:43  Ravager  
  196  9:46  Overseer  
  196  9:52  Roach x2  
  156  10:09  Roach x10  
  156  10:12  Roach x10  
  175  10:16  Queen  
  175  10:19  Roach x6  
  191  10:24  Overlord  
  191  10:26  Ravager  
  188  10:28  Roach  
  188  10:29  Roach x3  
  188  10:35  Roach x5  
  197  10:41  Roach x4  
  181  10:43  Ravager  
  181  10:44  Queen  
  181  10:47  Roach  
  181  10:48  Ravager  
  185  10:56  Roach x4  
  159  11:00  Roach x3  
Show
View Real Time Build Order
Export as new Build Order

Clem Terran - Winner!

Build Orders: Reaper Expand, Hellion Banshee 

Get SALT Encoding   

  12  0:00  SCV  
  13  0:12  SCV  
  14  0:16  Supply Depot  
  14  0:24  SCV  
  15  0:38  SCV  
  15  0:39  Barracks  
  15  0:42  Refinery  
  16  0:50  SCV  
  17  1:02  SCV  
  18  1:16  SCV  
  19  1:26  Reaper  
  19  1:29  Orbital Command  
  20  1:39  Command Center  
  20  1:46  Supply Depot  
  21  1:54  SCV  
  21  1:58  Marine  
  22  2:06  SCV  
  23  2:09  Factory  
  23  2:18  SCV  
  23  2:19  Barracks Reactor  
  24  2:30  SCV  
  25  2:38  Command Center  
  25  2:42  SCV  
  26  2:50  Orbital Command  
  26  2:54  SCV  
  27  2:59  Starport  
  27  3:02  Refinery  
  27  3:06  SCV  
  27  3:10  Hellion  
  30  3:14  Hellion  
  30  3:16  SCV  
  30  3:19  Barracks Tech Lab  
  33  3:21  SCV  
  34  3:28  SCV  
  34  3:33  Hellion  
  34  3:34  SCV  
  38  3:35  Hellion  
  38  3:40  SCV  
  41  3:42  Banshee  
  41  3:46  SCV  
  45  3:50  Orbital Command  
  45  3:52  Cloaking Field  
  45  3:54  SCV  
  46  3:58  SCV  
  46  3:59  Hellion  
  46  4:00  Hellion  
  51  4:06  SCV  
  51  4:07  Barracks Tech Lab, Supply Depot  
  52  4:14  SCV  
  53  4:17  SCV  
  53  4:18  SCV, Bunker  
  57  4:30  Supply Depot  
  57  4:31  SCV  
  63  4:32  Marine  
  63  4:33  SCV  
  63  4:35  SCV  
  63  4:40  Barracks, Banshee  
  63  4:45  SCV  
  63  4:48  Factory Reactor  
  63  4:50  Supply Depot  
  63  4:51  Barracks, Marine  
  63  4:52  SCV  
  65  4:53  Engineering Bay x2  
  65  4:56  SCV  
  66  5:00  SCV  
  66  5:01  Refinery, Supply Depot  
  66  5:02  Refinery  
  66  5:04  SCV  
  68  5:08  Orbital Command  
  68  5:09  Stimpack  
  68  5:10  Marine  
  68  5:12  SCV  
  70  5:16  Supply Depot  
  70  5:20  SCV  
  71  5:24  SCV, Supply Depot  
  71  5:28  Barracks x2, Marine x2  
  73  5:31  Marine  
  73  5:32  SCV  
  76  5:37  SCV x2, Starport Reactor  
  76  5:39  Terran Infantry Weapons Level 1, Terran Infantry Armor Level 1  
  78  5:44  SCV  
  78  5:47  Marine x2, Supply Depot  
  78  5:49  SCV x2  
  82  5:50  Marine  
  82  5:51  Marine  
  82  5:52  Marine, Supply Depot  
  85  5:57  SCV, Siege Tank  
  85  6:01  SCV  
  87  6:05  Marine, Supply Depot  
  87  6:06  SCV  
  87  6:07  Marine  
  86  6:11  SCV  
  86  6:12  Marine x2  
  86  6:15  Medivac x2  
  86  6:17  Barracks Reactor x2, Supply Depot  
  87  6:18  Marine  
  87  6:21  SCV x2  
  87  6:23  Marine, Supply Depot  
  87  6:24  SCV  
  92  6:30  Siege Tank  
  92  6:32  Marine x3  
  97  6:33  SCV  
  97  6:34  SCV  
  97  6:36  SCV  
  97  6:39  Marine  
  102  6:43  Refinery  
  102  6:44  Marine, Refinery  
  102  6:45  SCV, Factory  
  104  6:49  SCV, Marine x2  
  104  6:50  Marine, Supply Depot  
  104  6:52  SCV, Supply Depot  
  109  6:57  SCV  
  109  6:58  Command Center  
  110  7:02  Barracks  
  110  7:03  Barracks  
  110  7:06  Marine, Siege Tank  
  110  7:08  Marine  
  110  7:09  Marine  
  110  7:11  Marine x4  
  111  7:17  Marine, Medivac x2  
  111  7:18  Marine  
  111  7:19  Command Center  
  110  7:24  Marine  
  110  7:26  SCV x3, Marine  
  110  7:29  Factory Tech Lab  
  113  7:30  Marine x2  
  113  7:32  Marine  
  113  7:35  Marine x2  
  116  7:40  Armory  
  116  7:42  Combat Shield  
  116  7:43  Marine  
  114  7:45  Marine x2  
  114  7:49  Siege Tank  
  116  7:53  Factory Tech Lab  
  116  7:58  Marine x2  
  115  8:01  Marine x2  
  115  8:03  Marine x2  
  115  8:04  Marine  
  120  8:09  Marine x3  
  120  8:10  Marine  
  123  8:19  SCV x3, Siege Tank  
  127  8:20  Marine x2  
  127  8:21  Marine, Siege Tank  
  133  8:30  Marine x6  
  133  8:31  Marine  
  133  8:33  Marine  
  141  8:35  SCV  
  141  8:38  Marine x2, Supply Depot, SCV  
  141  8:39  Marine  
  146  8:45  Terran Infantry Weapons Level 2  
  146  8:48  SCV x2, Marine x4  
  148  8:49  Terran Infantry Armor Level 2  
  148  8:51  Siege Tank  
  148  8:53  Marine  
  156  9:00  Marine x6, SCV x2  
  164  9:02  Supply Depot  
  164  9:03  Supply Depot  
  164  9:10  Planetary Fortress  
  164  9:12  Terran Vehicle Weapons Level 1  
  164  9:21  Supply Depot  
  164  9:24  Marine x8, SCV  
  164  9:25  SCV x2, Siege Tank  
  164  9:28  Barracks Tech Lab  
  164  9:29  Marauder  
  180  9:35  Supply Depot x2  
  180  9:43  Marine x4, Siege Tank, SCV  
  180  9:44  Missile Turret  
  188  9:45  Sensor Tower  
  188  9:49  SCV  
  188  9:50  Supply Depot  
  188  9:53  Marine  
  188  9:56  Marine x3  
  188  9:57  SCV, Siege Tank, Marauder x2  
  194  10:00  Marine  
  194  10:01  Marine  
  194  10:02  Marine x3  
  185  10:11  Marine, Medivac  
  169  10:14  Marine x3  
  169  10:15  Siege Tank  
  169  10:18  Marine x4  
  169  10:20  Marine, Refinery x2  
  180  10:23  Marine  
  180  10:25  Medivac  
  180  10:27  Marine  
  183  10:30  Marine  
  183  10:32  Marine x2  
  183  10:33  Widow Mine, Marine  
  181  10:36  Marine x2, Marauder  
  181  10:41  Medivac  
  181  10:42  Marine  
  176  10:43  Marine x2  
  177  10:50  Marine  
  177  10:51  Marine x3  
  177  10:52  Marine  
  177  10:54  Marine, Marauder  
  177  10:58  Marauder, SCV  
  177  10:59  SCV x2  
  177  11:00  Marine  
Tags
 
Add a new tag
Caveats
  • Supply blocks, unpowered buildings, or Contaminate may cause inaccurate times.
  • Supply counts are checked every 10 seconds.